 Dungeon Crawl Stone Soup version 0.28.0-53-g5a82cb258f (webtiles) character file.

Game seed: 1079099757769337930

16 Peloso the Skirmisher (level 2, -1/27 HPs)
             Began as a Minotaur Fighter on June 30, 2022.
             Slain by a gnoll
             ... wielding a +2 whip of venom
              (2 damage)
             ... on level 2 of the Dungeon.
             The game lasted 00:00:50 (722 turns).

Peloso the Skirmisher (Minotaur Fighter)             Turns: 722, Time: 00:00:52

Health: -1/27      AC:  9    Str: 20    XL:     2   Next: 41%
Magic:  1/1        EV:  7    Int:  5    God:
Gold:   23         SH:  4    Dex:  9    Spells: 1/1 levels left

rFire   . . .      SeeInvis .   a - +0 long sword
rCold   . . .      Faith    .   c - +0 buckler
rNeg    . . .      Spirit   .   h - +0 chain mail
rPois   .          Reflect  .   (helmet restricted)
rElec   .          Harm     .   (no cloak)
rCorr   .          Rampage  .   (no gloves)
Will    .....                   (no boots)
Stlth   ..........              (no amulet)
HPRegen 0.09/turn               (no ring)
MPRegen 0.07/turn               (no ring)

@: lethally poisoned (-1 -> -4), invisible
A: horns 2, retaliatory headbutt
a: no special abilities


You were on level 2 of the Dungeon.
You visited 1 branch of the dungeon, and saw 2 of its levels.

You collected 23 gold pieces.

Inventory:

Hand Weapons
 a - a +0 long sword (weapon)
Armour
 b - a +0 scale mail
 c - a +0 buckler (worn)
 h - a +0 chain mail (worn)
Scrolls
 f - a scroll of enchant weapon {unknown}
Potions
 d - a potion of might
 g - a potion of mutation {unknown}


   Skills:
 + Level 4.0 Fighting
 + Level 2.6 Long Blades
 + Level 3.8 Armour
 + Level 4.0 Shields


You had one spell level left.
You didn't know any spells.
Your spell library contained the following spells:

 Spells                   Type           Power      Damage    Failure   Level
 Sandblast                Erth           0%         2d4       100%        1
 Blink                    Tloc           0%         N/A       100%        2
 Passwall                 Tmut/Erth      0%         N/A       100%        2
 Lesser Beckoning         Tloc           0%         N/A       100%        3
 Stone Arrow              Conj/Erth      0%         3d7       100%        3
 Manifold Assault         Tloc           0%         N/A       100%        5


Dungeon Overview and Level Annotations

Branches:
Dungeon (2/15)

Altars:

Shops:
D:1 (   D:2 (


Innate Abilities, Weirdness & Mutations

You have a pair of horns on your head.
You reflexively headbutt those who attack you in melee.


Message History

A gnoll comes into view. It is wielding a +0 spear.
You slash the gnoll! Your headbutt misses the gnoll.
The gnoll is severely wounded.
The gnoll barely misses you. The gnoll hits you but does no damage.
You are poisoned.
You barely miss the gnoll. Your headbutt misses the gnoll.
The gnoll is severely wounded.
You feel very sick.
You feel sick. The gnoll barely misses you. You furiously retaliate!
You headbutt the gnoll. You block the gnoll's attack.
The gnoll hits you but does no damage.
You are more poisoned.
You hit the gnoll.
The gnoll is almost dead.
You feel very sick. The gnoll barely misses you. You block the gnoll's attack.
The giant cockroach bites you but does no damage.
The gnoll closely misses you.
Unknown command.
You feel very sick. You block the giant cockroach's attack.
The gnoll hits you with a +0 whip.
* * * LOW HITPOINT WARNING * * *
The giant cockroach bites you but does no damage.
* * * LOW HITPOINT WARNING * * *
You feel sick.
* * * LOW HITPOINT WARNING * * *
You feel sick. You block the giant cockroach's attack.
* * * LOW HITPOINT WARNING * * *
You feel sick.
The giant cockroach waves its antennae.
* * * LOW HITPOINT WARNING * * *
You feel sick.
It was a potion of invisibility.
You fade into invisibility!
* * * LOW HITPOINT WARNING * * *
You feel sick.
The giant cockroach bites you but does no damage.
A hobgoblin comes into view.
The gnoll hits you with a +2 whip of venom.
You die...

... #.# ... #.#
####.B..
###.##.........
##......# ....#
#g##..#.#####....#
#.......g....>.?.#
#####..gB.#.#....#
##..@).∩.....#
#....###.######
.....##.##..#
#######.##.##
.........#
.........#
.........######
...........>..##
.........####..#


You could see 2 gnolls, a giant cockroach and a hobgoblin (wandering).

Vanquished Creatures
  A dart slug (D:2)
  2 endoplasms
  A giant cockroach (D:1)
  A goblin (D:2)
  A hobgoblin (D:1)
  4 jackals (D:1)
  2 ball pythons
12 creatures vanquished.

Notes
Turn   | Place    | Note
-------+----------+-------------------------------------------
     0 | D:1      | Peloso the Minotaur Fighter began the quest for the Orb.
     0 | D:1      | Reached XP level 1. HP: 19/19 MP: 0/0
    68 | D:1      | Found a faded altar of an unknown god.
   119 | D:1      | Found Wudaeffe's Weapon Shoppe.
   385 | D:1      | Reached XP level 2. HP: 27/27 MP: 1/1
   688 | D:2      | Found Dauhegh's Antique Weapon Shoppe.
   722 | D:2      | HP: 1/27 [poisoned by a gnoll]
   722 | D:2      | Slain by a gnoll

Illustrated notes

Levels and vault maps discovered:
D:1:      dpeg_arrival_pond, layout_basic, shapermc_ecumenical_altar_notcrosses,
          serial_shops, nicolae_shop_bloodbath_and_beyond,
          minmay_misc_feat_tower
D:2:      layout_rooms, serial_shops, nicolae_shop_crystal, uniq_natasha

Skill      XL: |  1  2 |
---------------+-------+-----
Fighting       | 4 |  4.0
Shields        | 4 |  4.0
Long Blades    | |  2.6
Armour         | |  3.8

Action                   || total
-------------------------++-------
Melee: Long sword        ||    23
       Headbutt          ||     3
  Use: Potion            ||     1
Armor: Scale mail        ||     4
       Chain mail        ||     9
Dodge: Dodged            ||    15
Block: Buckler           ||     8
